PBL
AMARILLO THUNDERHEADS @ PORTLAND ANGELS
08/06/2048
 
TOP OF THE 1ST
Amarillo ThunderHeads batting - Pitching for Portland Angels : RHP Lense Heus
Pitching: RHP Lense Heus
Batting: RHB Sam Voss 0-0: Foul Ball, location: 2F
0-1: SOLO HOME RUN (Flyball, 78XD, EV 113.1 MPH), Distance : 435 ft
Batting: RHB Ryan Salas 0-0: Foul Ball, location: 2F
0-1: Foul Ball, location: 2F
0-2: Ground out 4-3 (Groundball, 4, EV 100.6 MPH)
Batting: LHB Danny Moreno 0-0: Foul Ball, location: 2F
0-1: Ball
1-1: Foul Ball, location: 2F
1-2: Ball
2-2: Hit by Pitch
Batting: RHB Robert Topete 0-0: Foul Ball, location: 2F
0-1: Called Strike
0-2: Strikes out swinging
Batting: LHB Alex Rivera 0-0: Ball
1-0: Ball
2-0: Ball
3-0: Base on Balls
Danny Moreno to second
Batting: RHB Evan Fry 0-0: Called Strike
0-1: Foul Ball, location: 2F
0-2: Ball
1-2: Fly out, F7 (Flyball, 7, EV 94.4 MPH)
Top of the 1st over - 1 run, 1 hit, 0 errors, 2 left on base; Amarillo 1 - Portland 0
BOTTOM OF THE 1ST
Portland Angels batting - Pitching for Amarillo ThunderHeads : RHP Marty Nelson
Pitching: RHP Marty Nelson
Batting: RHB Jose Garduno 0-0: Fly out, F8 (Flyball, 8RD, EV 78.8 MPH)
Batting: RHB Steve Neely 0-0: Hit by Pitch
Batting: RHB Jesse Sargent 0-0: Called Strike
Steve Neely is caught stealing 2nd base 2-4
0-1: Swinging Strike
0-2: Ball
1-2: Ball
2-2: Ball
3-2: Foul Ball, location: 2F
3-2: SINGLE (Flyball, 8LS, EV 83.1 MPH)
Batting: RHB Alex Rosaly 0-0: Ball
1-0: Ball
2-0: Fielders Choice at 2nd, 6-4 (Groundball, 6D, EV 85.0 MPH)
Bottom of the 1st over - 0 runs, 1 hit, 0 errors, 1 left on base; Amarillo 1 - Portland 0
TOP OF THE 2ND
Amarillo ThunderHeads batting - Pitching for Portland Angels : RHP Lense Heus
Batting: RHB Bill Flannery 0-0: Called Strike
0-1: Foul Ball, location: 2F
0-2: Ball
1-2: Ground out 5-3 (Groundball, 5S, EV 66.9 MPH)
Batting: RHB Pat Martin 0-0: Ball
1-0: Called Strike
1-1: Swinging Strike
1-2: Strikes out swinging
Batting: RHB Eddie Vanderjagt 0-0: Called Strike
0-1: Ball
1-1: Swinging Strike
1-2: Ball
2-2: Foul Ball, location: 2F
2-2: Foul Ball, location: 2F
2-2: Ball
3-2: Strikes out swinging
Top of the 2nd over - 0 runs, 0 hits, 0 errors, 0 left on base; Amarillo 1 - Portland 0
BOTTOM OF THE 2ND
Portland Angels batting - Pitching for Amarillo ThunderHeads : RHP Marty Nelson
Batting: LHB Kevin Feldman 0-0: Ball
1-0: Called Strike
1-1: Called Strike
1-2: Ball
2-2: Fly out, F7 (Flyball, 78S, EV 76.2 MPH)
Batting: SHB Marty Kuehn 0-0: Ball
1-0: Ball
2-0: Foul Ball, location: 2F
2-1: Fly out, F7 (Line Drive, 7, EV 96.2 MPH)
Batting: LHB David Coatney 0-0: Fly out, F7 (Flyball, 7S, EV 82.5 MPH)
Bottom of the 2nd over - 0 runs, 0 hits, 0 errors, 0 left on base; Amarillo 1 - Portland 0
TOP OF THE 3RD
Amarillo ThunderHeads batting - Pitching for Portland Angels : RHP Lense Heus
Batting: RHB Sam Voss 0-0: Foul Ball, location: 2F
0-1: Ball
1-1: Fly out, F9 (Flyball, 9S, EV 85.0 MPH)
Batting: RHB Ryan Salas 0-0: Ball
1-0: Ball
2-0: Ball
3-0: Called Strike
3-1: Ground out U3 (Groundball, 34S, EV 88.1 MPH)
Batting: LHB Danny Moreno 0-0: Called Strike
0-1: Ball
1-1: Foul Ball, location: 2F
1-2: Ground out 3-1 (Groundball, 34S, EV 91.2 MPH)
Top of the 3rd over - 0 runs, 0 hits, 0 errors, 0 left on base; Amarillo 1 - Portland 0
BOTTOM OF THE 3RD
Portland Angels batting - Pitching for Amarillo ThunderHeads : RHP Marty Nelson
Batting: LHB Miguel Hernandez 0-0: Ball
1-0: Foul Ball, location: 2F
1-1: Called Strike
1-2: Strikes out looking
Batting: LHB John Harvey 0-0: Foul Ball, location: 2F
0-1: Foul Ball, location: 2F
0-2: DOUBLE (Line Drive, 7LM, EV 90.6 MPH)
Batting: RHB Jose Garduno 0-0: Called Strike
0-1: Fly out, F8 (Flyball, 89D, EV 95.6 MPH)
Batting: RHB Steve Neely 0-0: Ground out 4-3 (Groundball, 4, EV 87.5 MPH)
Bottom of the 3rd over - 0 runs, 1 hit, 0 errors, 1 left on base; Amarillo 1 - Portland 0
TOP OF THE 4TH
Amarillo ThunderHeads batting - Pitching for Portland Angels : RHP Lense Heus
Batting: RHB Robert Topete 0-0: TRIPLE (Line Drive, 89XD, EV 111.9 MPH)
Batting: LHB Alex Rivera 0-0: Ball
1-0: Foul Ball, location: 2F
1-1: Foul Ball, location: 2F
1-2: Ball
2-2: Ball
3-2: Ground out 5-3 (Groundball, 56, EV 79.4 MPH)
Robert Topete scores
Batting: RHB Evan Fry 0-0: Ground out 3-1 (Groundball, 34S, EV 84.4 MPH)
Batting: RHB Bill Flannery 0-0: Called Strike
0-1: Foul Ball, location: 2F
0-2: Ball
1-2: Ball
2-2: Ball
3-2: Foul Ball, location: 2F
3-2: Ground out 6-3 (Groundball, 6, EV 85.6 MPH)
Top of the 4th over - 1 run, 1 hit, 0 errors, 0 left on base; Amarillo 2 - Portland 0
BOTTOM OF THE 4TH
Portland Angels batting - Pitching for Amarillo ThunderHeads : RHP Marty Nelson
Batting: RHB Jesse Sargent 0-0: Ground out 5-3 (Groundball, 56, EV 103.1 MPH)
Batting: RHB Alex Rosaly 0-0: Ball
1-0: Called Strike
1-1: Foul Ball, location: 2F
1-2: SOLO HOME RUN (Flyball, 7D, EV 95.6 MPH), Distance : 353 ft
Batting: LHB Kevin Feldman 0-0: Called Strike
0-1: Ball
1-1: Ball
2-1: Called Strike
2-2: Ball
3-2: Strikes out looking
Batting: SHB Marty Kuehn 0-0: Fly out, F9 (Flyball, 9D, EV 107.5 MPH)
Bottom of the 4th over - 1 run, 1 hit, 0 errors, 0 left on base; Amarillo 2 - Portland 1
TOP OF THE 5TH
Amarillo ThunderHeads batting - Pitching for Portland Angels : RHP Lense Heus
Batting: RHB Pat Martin 0-0: Ball
1-0: Swinging Strike
1-1: Foul Ball, location: 2F
1-2: Strikes out swinging
Batting: RHB Eddie Vanderjagt 0-0: Called Strike
0-1: Ball
1-1: Ball
2-1: Ball
3-1: Fly out, F8 (Line Drive, 78M, EV 98.1 MPH)
Batting: RHB Sam Voss 0-0: Called Strike
0-1: Ground out 6-3 (Groundball, 6, EV 87.5 MPH)
Top of the 5th over - 0 runs, 0 hits, 0 errors, 0 left on base; Amarillo 2 - Portland 1
BOTTOM OF THE 5TH
Portland Angels batting - Pitching for Amarillo ThunderHeads : RHP Marty Nelson
Batting: LHB David Coatney 0-0: Called Strike
0-1: Ball
1-1: Ball
2-1: Foul Ball, location: 2F
2-2: Foul Ball, location: 2F
2-2: Foul Ball, location: 2F
2-2: Ball
3-2: Strikes out swinging
Batting: LHB Miguel Hernandez 0-0: Ball
1-0: Swinging Strike
1-1: Swinging Strike
1-2: Ground out 4-3 (Groundball, 4, EV 79.4 MPH)
Batting: LHB John Harvey 0-0: Swinging Strike
0-1: Called Strike
0-2: Ball
1-2: Strikes out swinging
Bottom of the 5th over - 0 runs, 0 hits, 0 errors, 0 left on base; Amarillo 2 - Portland 1
TOP OF THE 6TH
Amarillo ThunderHeads batting - Pitching for Portland Angels : RHP Lense Heus
Batting: RHB Ryan Salas 0-0: Called Strike
0-1: Foul Ball, location: 2F
0-2: Strikes out swinging
Batting: LHB Danny Moreno 0-0: Swinging Strike
0-1: Ball
1-1: Ball
2-1: SOLO HOME RUN (Flyball, 9D, EV 90.6 MPH), Distance : 341 ft
Pitching: RHP Myeong-wan Kym
Batting: RHB Robert Topete 0-0: Ball
1-0: Called Strike
1-1: Foul Ball, location: 2F
1-2: Ball
2-2: Ball
3-2: Foul Ball, location: 2F
3-2: SOLO HOME RUN (Flyball, 7D, EV 92.5 MPH), Distance : 347 ft
Batting: LHB Alex Rivera 0-0: SOLO HOME RUN (Flyball, 7D, EV 95.0 MPH), Distance : 357 ft
Batting: RHB Evan Fry 0-0: Ball
1-0: Ball
2-0: Fly out, F9 (Line Drive, 9, EV 98.8 MPH)
Batting: RHB Bill Flannery 0-0: Called Strike
0-1: Ball
1-1: Fly out, F9 (Line Drive, 9S, EV 108.1 MPH)
Top of the 6th over - 3 runs, 3 hits, 0 errors, 0 left on base; Amarillo 5 - Portland 1
BOTTOM OF THE 6TH
Portland Angels batting - Pitching for Amarillo ThunderHeads : RHP Marty Nelson
Batting: RHB Jose Garduno 0-0: Called Strike
0-1: Fly out, F9 (Line Drive, 9LS, EV 95.0 MPH)
Batting: RHB Steve Neely 0-0: Foul Ball, location: 2F
0-1: SINGLE (Line Drive, 9S, EV 90.6 MPH)
Batting: RHB Jesse Sargent 0-0: Called Strike
Steve Neely is caught stealing 2nd base 2-4
0-1: Ball
1-1: Called Strike
1-2: Ball
2-2: Foul Ball, location: 2F
2-2: Ball
3-2: Foul Ball, location: 2F
3-2: Strikes out swinging
Bottom of the 6th over - 0 runs, 1 hit, 0 errors, 0 left on base; Amarillo 5 - Portland 1
TOP OF THE 7TH
Amarillo ThunderHeads batting - Pitching for Portland Angels : RHP Myeong-wan Kym
Batting: RHB Pat Martin 0-0: Fly out, F6 (Popup, 4MD, EV 53.8 MPH)
Batting: RHB Eddie Vanderjagt 0-0: Ball
1-0: Foul Ball, location: 2F
1-1: Swinging Strike
1-2: SINGLE (Flyball, 7S, EV 92.5 MPH)
Batting: RHB Sam Voss 0-0: Ball
Eddie Vanderjagt is caught stealing 2nd base 2-4
1-0: Fly out, F8 (Line Drive, 8RM, EV 91.2 MPH)
Top of the 7th over - 0 runs, 1 hit, 0 errors, 0 left on base; Amarillo 5 - Portland 1
BOTTOM OF THE 7TH
Portland Angels batting - Pitching for Amarillo ThunderHeads : RHP Marty Nelson
Batting: RHB Alex Rosaly 0-0: Ball
1-0: Ball
2-0: Called Strike
2-1: Ball
3-1: Fly out, F7 (Flyball, 7S, EV 86.9 MPH)
Batting: LHB Kevin Feldman 0-0: Ball
1-0: Called Strike
1-1: Ground out 6-3 (Groundball, 6, EV 88.8 MPH)
Batting: SHB Marty Kuehn 0-0: Called Strike
0-1: Ball
1-1: Foul Ball, location: 2F
1-2: Foul Ball, location: 2F
1-2: Ball
2-2: Ball
3-2: SINGLE (Line Drive, 56D, EV 98.1 MPH)
Batting: LHB David Coatney 0-0: Called Strike
0-1: Ball
1-1: Ball
2-1: Swinging Strike
2-2: Strikes out swinging
Bottom of the 7th over - 0 runs, 1 hit, 0 errors, 1 left on base; Amarillo 5 - Portland 1
TOP OF THE 8TH
Amarillo ThunderHeads batting - Pitching for Portland Angels : RHP Myeong-wan Kym
Batting: RHB Ryan Salas 0-0: Called Strike
0-1: Ball
1-1: Swinging Strike
1-2: Ball
2-2: Ball
3-2: Foul Ball, location: 2F
3-2: Base on Balls
Batting: LHB Danny Moreno 0-0: Ball
1-0: Called Strike
1-1: Called Strike
1-2: Foul Ball, location: 2F
1-2: Ball
2-2: Ball
3-2: Base on Balls
Ryan Salas to second
Batting: RHB Robert Topete 0-0: Called Strike
0-1: Ball
1-1: Swinging Strike
1-2: SINGLE (Groundball, 4MD, EV 93.8 MPH)
Ryan Salas to third
Danny Moreno to second
Batting: LHB Alex Rivera 0-0: Ball
1-0: Called Strike
1-1: Foul Ball, location: 2F
1-2: Ball
2-2: Foul Ball, location: 2F
2-2: Foul Ball, location: 2F
2-2: Ball
3-2: Grounds into double play, 6-4-3 (Groundball, 6M, EV 83.8 MPH)
Ryan Salas scores
Danny Moreno to third
Batting: RHB Evan Fry 0-0: Swinging Strike
0-1: Ball
1-1: Ball
2-1: Ball
3-1: Ground out 6-3 (Groundball, 6, EV 86.9 MPH)
Top of the 8th over - 1 run, 1 hit, 0 errors, 1 left on base; Amarillo 6 - Portland 1
BOTTOM OF THE 8TH
Portland Angels batting - Pitching for Amarillo ThunderHeads : RHP Marty Nelson
Batting: RHB Shawn Jansen 0-0: Called Strike
0-1: Ball
1-1: Ground out 5-3 (Groundball, 56, EV 85.6 MPH)
Pinch Hitting: SHB Cesar Carrasquillo 0-0: Foul Ball, location: 2F
0-1: Ball
1-1: Ground out 4-3 (Groundball, 4S, EV 81.9 MPH)
Batting: RHB Jose Garduno 0-0: Called Strike
0-1: Fly out, F9 (Flyball, 9LSF, EV 83.1 MPH)
Bottom of the 8th over - 0 runs, 0 hits, 0 errors, 0 left on base; Amarillo 6 - Portland 1
TOP OF THE 9TH
Amarillo ThunderHeads batting - Pitching for Portland Angels : RHP Myeong-wan Kym
Now at SS: Fernando Sosa
Batting: RHB Bill Flannery 0-0: SINGLE (Groundball, 56D, EV 105.0 MPH)
Batting: RHB Pat Martin 0-0: Called Strike
0-1: Ball
1-1: Foul Ball, location: 2F
1-2: 2-RUN HOME RUN (Flyball, 7D, EV 91.9 MPH), Distance : 363 ft
Pinch Hitting: LHB Carlos Guajardo 0-0: Foul Ball, location: 2F
0-1: Foul Ball, location: 2F
0-2: Ball
1-2: Foul Ball, location: 2F
1-2: Foul Ball, location: 2F
1-2: Ball
2-2: Ground out 4-3 (Groundball, 4, EV 91.2 MPH)
Batting: RHB Sam Voss 0-0: Ball
1-0: Ball
2-0: Fly out, F8 (Flyball, 8LD, EV 78.1 MPH)
Pitching: LHP Jon Ray
Batting: RHB Ryan Salas 0-0: Ball
1-0: Ball
2-0: Called Strike
2-1: SINGLE (Line Drive, 56, EV 103.1 MPH)
Batting: LHB Danny Moreno 0-0: Called Strike
0-1: Ground out U3 (Groundball, 3L, EV 104.4 MPH)
Top of the 9th over - 2 runs, 3 hits, 0 errors, 1 left on base; Amarillo 8 - Portland 1
BOTTOM OF THE 9TH
Portland Angels batting - Pitching for Amarillo ThunderHeads : RHP Marty Nelson
Now at 1B: Carlos Guajardo
Now at 3B: Bill Flannery
Pinch Hitting: LHB Jon Rahn 0-0: Swinging Strike
0-1: Ball
1-1: Foul Ball, location: 2F
1-2: Ball
2-2: Ball
3-2: Strikes out swinging
Batting: RHB Jesse Sargent 0-0: Ball
1-0: Swinging Strike
1-1: Foul Ball, location: 2F
1-2: Ball
2-2: Foul Ball, location: 2F
2-2: Ball
3-2: Fly out, F7 (Flyball, 7, EV 81.9 MPH)
Pitching: RHP Dan Corrow
Pinch Hitting: RHB Mark Squires 0-0: Called Strike
0-1: Called Strike
0-2: Ball
1-2: Strikes out swinging
Bottom of the 9th over - 0 runs, 0 hits, 0 errors, 0 left on base; Amarillo 8 - Portland 1
Tuesday, March 28th , 2023 - OOTP Baseball 23.10 Build 110